 Dungeon Sprint DCSS version 0.17-a0-1646-geb1493d (webtiles) character file.

296 Kidiri the Covert (level 6, -8/28 HPs)
             Began as a Spriggan Enchanter on Aug 11, 2015.
             Was an Initiate of Dithmenos.
             Mangled by a spatial vortex (20 damage)
             ... in the Dungeon (Sprint III: "The Ten Rune Challenge").
             The game lasted 00:04:39 (641 turns).

Kidiri the Covert (Spriggan Enchanter)               Turns: 641, Time: 00:04:41

Health: -8/28      AC:  3    Str:  4    XL:     6   Next: 12%
Magic:  17/17      EV: 25    Int: 17    God:    Dithmenos [......]
Gold:   20         SH:  0    Dex: 18    Spells: 5 memorised, 8 levels left

rFire  . . .     SeeInvis +     a - +1 dagger
rCold  . . .     Clarity  .     b - +1 robe
rNeg   . . .     SustAt   .     (shield restricted)
rPois  .         Gourm    .     (helmet restricted)
rElec  .         Spirit   .     (no cloak)
rCorr  .         Warding  .     (gloves unavailable)
rMut   .         NoTele   +     (boots unavailable)
MR     +....                    (no amulet)
Stlth  +++++.....               (no ring)
                                (no ring)

@: very quick, somewhat resistant to hostile enchantments, quite stealthy
A: unfitting armour, see invisible, herbivore 3, speed 3, slow metabolism 2
a: Renounce Religion


You were in the Dungeon.
You worshipped Dithmenos.
Dithmenos was noncommittal.
You were not hungry.

You visited 1 branch You collected 20 gold pieces.

Inventory:

Hand weapons
 a - a +1 dagger (weapon)
Armour
 b - a +1 robe (worn)
Scrolls
 j - a scroll of blinking
 l - a scroll of torment {unknown}
 p - a scroll of holy word {unknown}
 q - a scroll of remove curse {unknown}
Potions
 e - a potion of curing
 f - a potion of heal wounds
 g - a potion of haste
 h - 2 potions of magic
 i - a potion of berserk rage
 n - 2 potions of cure mutation
 o - 2 potions of brilliance
Comestibles
 c - a royal jelly
 d - a bread ration
 r - 3 fruits


   Skills:
 + Level 4.6 Short Blades
 * Level 9.1 Dodging
 * Level 10.3 Stealth
 * Level 7.5 Spellcasting
 + Level 1.8 Conjurations
 + Level 6.2 Hexes
 + Level 2.6 Ice Magic
 + Level 0.0 Invocations


You had 8 spell levels left.
You knew the following spells:

 Your Spells              Type           Power        Failure   Level  Hunger
a - Corona                Hex            ####...      1%          1    None
b - Ensorcelled Hibernat  Hex/Ice        ###...       2%          2    None
c - Confuse               Hex            ####....     2%          3    ##.....
d - Tukima's Dance        Hex            ####....     2%          3    ##.....
e - Dazzling Spray        Conj/Hex       ###.....     10%         3    ##.....


Dungeon Overview and Level Annotations

Branches:
Dungeon (1/1)

Altars:
Dithmenos
Gozag
Makhleb
Nemelex Xobeh
Qazlal
Ru
Xom
Jiyva
Lugonu


Innate Abilities, Weirdness & Mutations

You are tiny and cannot use many weapons and most armour.
You have supernaturally acute eyesight.
You are a herbivore.
You cover ground extremely quickly.
You need consume almost no food.


Message History

There is a viscous altar of Jiyva here.
There is a shadowy altar of Dithmenos here.
You kneel at the altar of Dithmenos.
Dithmenos welcomes you! The spatial vortex closely misses you.
You hit the spatial vortex.
The spatial vortex is lightly damaged.
You barely miss the spatial vortex.
The spatial vortex is lightly damaged.
You hit the spatial vortex.
The spatial vortex is lightly damaged.
You hit the spatial vortex.
The spatial vortex is lightly damaged.
You barely miss the spatial vortex.
The spatial vortex is lightly damaged.
The spatial vortex hits you!
Ouch! That really hurt!
You feel a strange sense of stasis. The spatial vortex hits you!!
Ouch! That really hurt!
You die...

#### ##.# ...#####..#
....#.%#..#
#...#!.#..###+#+###+##
##..##'#..#..........#
##..###...'.⌠......:.#
#..####...#...######'#
#..###....#.⌠.#_v#...#
...##.....#...#_@#...#
...#%.....#+###__#...#
.##.#.....# #__#...+
.#####....# #_.'...#
▓▓ ▓▓▓▓▓▓ ▓▓▓▓▓▓▓▓


You could see a spatial vortex.

Vanquished Creatures
  A shadow (D)
  A water elemental (D)
  A jelly (D)
  A wolf (D)
  A human (D)
  An ooze (D)
  3 rats (D)
9 creatures vanquished.

Vanquished Creatures (others)
  2 draconian scorchers (D)
  A yaktaur (D)
  A fire drake (D)
  3 plants (D)
7 creatures vanquished.

Grand Total: 16 creatures vanquished

Notes
Turn   | Place    | Note
--------------------------------------------------------------
     0 | D        | Kidiri the Spriggan Enchanter began the quest for the Orb.
     0 | D        | Reached XP level 1. HP: 9/9 MP: 5/5
    10 | D        | Reached skill level 5 in Stealth
    50 | D        | Noticed a wolf
    53 | D        | Killed a wolf
    53 | D        | Reached skill level 5 in Dodging
    53 | D        | Reached skill level 6 in Stealth
    53 | D        | Reached XP level 2. HP: 13/13 MP: 6/8
    53 | D        | Reached XP level 3. HP: 16/16 MP: 6/9
    71 | D        | Learned a level 2 spell: Ensorcelled Hibernation
    75 | D        | Learned a level 3 spell: Confuse
    79 | D        | Learned a level 3 spell: Tukima's Dance
   162 | D        | Killed a yaktaur
   248 | D        | Killed a fire drake
   305 | D        | Killed a white draconian scorcher
   321 | D        | Killed a white draconian scorcher
   474 | D        | Reached skill level 7 in Stealth
   495 | D        | Gained mutation: You have a pair of small antennae on your head. [potion of mutation]
   495 | D        | Gained mutation: You are somewhat resistant to further mutation. [potion of mutation]
   495 | D        | Gained mutation: You tend to lose your temper in combat. [potion of mutation]
   496 | D        | Gained mutation: Your spells are a little easier to cast, but a little less powerful. [potion of mutation]
   497 | D        | Lost mutation: You tend to lose your temper in combat. [potion of cure mutation]
   497 | D        | Lost mutation: You are somewhat resistant to further mutation. [potion of cure mutation]
   497 | D        | Lost mutation: Your spells are a little easier to cast, but a little less powerful. [potion of cure mutation]
   497 | D        | Lost mutation: You have a pair of small antennae on your head. [potion of cure mutation]
   522 | D        | Noticed a water elemental
   525 | D        | Killed a water elemental
   525 | D        | Reached skill level 8 in Stealth
   525 | D        | Reached skill level 5 in Spellcasting
   525 | D        | Reached skill level 5 in Hexes
   525 | D        | Reached skill level 1 in Ice Magic
   525 | D        | Reached XP level 4. HP: 21/21 MP: 10/12
   530 | D        | Learned a level 3 spell: Dazzling Spray
   545 | D        | Noticed a jelly
   546 | D        | Noticed a shadow
   548 | D        | Killed a shadow
   548 | D        | Reached skill level 10 in Stealth
   548 | D        | Reached skill level 1 in Conjurations
   548 | D        | Reached XP level 5. HP: 24/24 MP: 12/15
   548 | D        | Reached XP level 6. HP: 28/28 MP: 13/17
   553 | D        | Killed a jelly
   631 | D        | Found a stormy altar of Qazlal.
   631 | D        | Found a sacrificial altar of Ru.
   631 | D        | Found a burning altar of Makhleb.
   631 | D        | Found a shimmering altar of Xom.
   632 | D        | Found a viscous altar of Jiyva.
   632 | D        | Found a shadowy altar of Dithmenos.
   632 | D        | Found a sparkling altar of Nemelex Xobeh.
   632 | D        | Found a corrupted altar of Lugonu.
   632 | D        | Found an opulent altar of Gozag.
   632 | D        | Noticed a spatial vortex
   636 | D        | Became a worshipper of Dithmenos the Shadowed
   641 | D        | Mangled by a spatial vortex

Vault maps used:
D:        dungeon_sprint_mu

Action                   |  1- 3 |  4- 6 || total
-------------------------+-------+-------++-------
Melee: Dagger            |    21 |     7 ||    28
 Cast: Ensorcelled Hiber |     3 |     4 ||     7
       Confuse           |     2 |       ||     2
  Use: Scroll            |     3 |       ||     3
       Potion            |     3 |       ||     3
 Stab: Sleeping          |     6 |     2 ||     8
